 Dungeon Crawl Stone Soup version 0.26-a0-1040-gbe3abf3417 (webtiles) character file.

Game seed: 6237231670415072680

125 KCGemini the Ducker (level 4, 22/22 HPs)
             Began as a Felid Berserker on Dec 12, 2020.
             Was a Believer of Trog.
             Quit the game on level 4 of the Dungeon.
             The game lasted 00:03:50 (3965 turns).

KCGemini the Ducker (Felid Berserker)               Turns: 3965, Time: 00:03:51

Health: 22/22      AC:  1    Str: 13    XL:     4   Next: 82%
Magic:  5/5        EV: 20    Int:  8    God:    Trog [**....]
Gold:   305        SH:  0    Dex: 17    Spells: 3/3 levels left
                                        Lives:  0   Deaths: 1

rFire    . . .     SeeInvis +     - Unarmed
rCold    . . .     Faith    .   (shield unavailable)
rNeg     . . .     Spirit   .   (armour unavailable)
rPois    .         Reflect  .   (helmet unavailable)
rElec    .         Harm     .   (cloak unavailable)
rCorr    .         Rampage  .   (gloves unavailable)
Will     .....                  (boots unavailable)
Stlth    +++.......             (no amulet)
HPRegen  0.07/turn              (no ring)
MPRegen  0.09/turn              (no ring)

@: quick
A: very small, no armour, no weapons or thrown items, stealth, claws 1, fangs 3,
see invisible, speed 1, shaggy fur 1, sharp paws
a: Berserk, Trog's Hand, Renounce Religion


You were on level 4 of the Dungeon.
You worshipped Trog.
Trog was pleased with you.
You visited 1 branch of the dungeon, and saw 4 of its levels.

You collected 305 gold pieces.

Inventory:

Wands
 b - a wand of random effects (25)
 l - a wand of digging (7)
 n - a wand of polymorph (10)
 p - a wand of flame (24)
Scrolls
 d - 2 scrolls of identify
 e - 2 scrolls of teleportation
 h - a scroll of fog
 k - a scroll of blinking {unknown}
Potions
 a - 3 potions of flight {unknown}
 c - 2 potions of ambrosia {unknown}
 f - 4 potions of haste
 g - 2 potions of curing
 i - 4 potions of attraction
 j - a potion of magic
 m - a potion of resistance {unknown}
 o - a potion of mutation {unknown}
 q - a potion of heal wounds {unknown}


   Skills:
 + Level 3.9 Fighting
 + Level 5.2 Dodging
 + Level 3.2 Stealth
 * Level 4.6 Unarmed Combat


You had 3 spell levels left.
You didn't know any spells.
Your spell library was empty.

Dungeon Overview and Level Annotations

Branches:
Dungeon (4/15)
 Temple: D:4-7

Altars:
Cheibriados
Ru
The Shining One


Innate Abilities, Weirdness & Mutations

You cannot wear armour.
You are incapable of wielding weapons or throwing items.
Your paws allow you to move quietly. (Stealth)
You have sharp claws.
You have razor-sharp teeth.
You have supernaturally acute eyesight. (SInv)
You cover ground quickly.
You are covered in fur. (AC +1)
Your sharp claws are effective at attacking unaware monsters.


Message History

The orc hits you with a +1 short sword of electrocution!
You are electrocuted!!
Ouch! That really hurt!
* * * LOW HITPOINT WARNING * * *
Unknown command.
You closely miss the orc priest. Your claw misses the orc priest.
The orc priest misses you. The orc barely misses you.
The orc priest closely misses you.
You barely miss the orc priest. The orc priest completely misses you.
You barely miss the orc priest. The orc priest misses you.
The orc priest closely misses you. The orc completely misses you.
You claw the orc priest!
You kill the orc priest!
Trog accepts your kill.
The orc priest calls down the wrath of Beogh upon you.
Pain shoots through your body!
You die...
The orc priest completely misses you. The orc completely misses you.
You are now level 4!
You rejoin the land of the living...

#.##...#
#.##...#
#......#
####...#
####.#######
#..........#####
#..............#
#..............#
#............@.#
#..........<...#
#..............#
#..............#
##########.....#
#.....# #.....#
#.....# #######


There were no monsters in sight!

Vanquished Creatures
  An orc priest (D:4)
  Ijyb (D:3)
  An orc wizard (D:3)
  5 adders
  2 worms
  5 dart slugs
  4 leopard geckos
  4 orcs
  9 bats
  5 giant cockroaches
  4 hobgoblins
  2 jackals (D:4)
  3 quokkas
  A ball python (D:1)
  3 frilled lizards
  8 goblins
  6 kobolds
  A quokka skeleton (D:4)
  11 rats
76 creatures vanquished.

Notes
Turn   | Place    | Note
-------+----------+-------------------------------------------
     0 | D:1      | KCGemini the Felid Berserker began the quest for the Orb.
     0 | D:1      | Reached XP level 1. HP: 10/10 MP: 2/2
   122 | D:1      | Reached XP level 2. HP: 14/14 MP: 3/3
   126 | D:1      | Reached skill level 1 in Stealth
   515 | D:1      | Reached XP level 3. HP: 17/17 MP: 4/4
   880 | D:2      | Found a snail-covered altar of Cheibriados.
  1158 | D:2      | Reached ** piety under Trog
  1472 | D:2      | Found a glowing golden altar of the Shining One.
  1620 | D:2      | Reached XP level 4. HP: 16/21 MP: 5/5
  2026 | D:3      | Found a sacrificial altar of Ru.
  2526 | D:3      | Noticed Ijyb
  2918 | D:3      | Reached XP level 5. HP: 14/25 MP: 6/6
  3474 | D:3      | Killed Ijyb
  3475 | D:3      | Reached skill level 5 in Dodging
  3964 | D:4      | Killed from afar by an orc priest
  3965 | D:4      | Reached XP level 4. HP: -5/33 MP: 5/5
  3965 | D:4      | Quit the game

Illustrated notes

Levels and vault maps discovered:
D:1:      minmay_arrival_four_circles, layout_basic, minmay_tiny_reverse_x
D:2:      layout_basic, cheibriados_altar_1, hex_medium, st_stairs_2, tso_altar
D:3:      layout_basic, lemuel_doored_altar, uniq_ijyb
D:4:      layout_basic, serial_shops, shop, gammafunk_ghost_cemetery,
          minmay_goblin_outpost

Skill      XL: |  1  2  3  4  5 |
---------------+----------------+-----
Stealth        | 1 2 3 |  3.2
Unarmed Combat | 4 |  4.6
Dodging        | 5 |  5.2
Fighting       | |  3.9

Action                   |  1- 3 |  4- 6 || total
-------------------------+-------+-------++-------
Melee: Unarmed           |    78 |   116 ||   194
       Bite              |    10 |     9 ||    19
       Punch             |     1 |     1 ||     2
Invok: Berserk           |     1 |     7 ||     8
  Use: Scroll            |       |    13 ||    13
 Stab: Sleeping          |     9 |     4 ||    13
Armor: Skin              |     2 |     3 ||     5
Dodge: Dodged            |    56 |   116 ||   172

Table legend: (Time is in decaauts)
 A = Elapsed time spent in this place.
 B = Non-inter-level travel time spent in this place.
 C = Inter-level travel time spent in this place.
 D = Time resting spent in this place.
 E = Time spent auto-exploring this place.
 F = Levels seen in this place.
 G = Mean time per level.
                   A        B        C        D        E       F      G
               +--------+--------+--------+--------+--------+-----+--------+
         Total |   3541 |   3470 |     71 |    993 |   1950 |   4 |  885.2 |
       Dungeon |   3541 |   3470 |     71 |    993 |   1950 |   4 |  885.2 |
               +--------+--------+--------+--------+--------+-----+--------+

Top non-repeatable levels by time:
     D:3: 1390 daAuts
     D:2: 1129 daAuts
     D:1: 700 daAuts
     D:4: 320 daAuts
